 Dungeon Crawl Stone Soup version 0.32-a0-961-gd60f5e5fc7 (webtiles) character file.

Game seed: 8806607118021558973

52 dialectric the Trooper (level 3, -1/29 HPs)
             Began as a Coglin Fighter on Apr 17, 2024.
             Slain by a gnoll
             ... wielding a +0 spear
              (2 damage)
             ... on level 2 of the Dungeon.
             The game lasted 00:01:01 (1092 turns).

dialectric the Trooper (Coglin Fighter)             Turns: 1092, Time: 00:01:02

Health: -1/29      AC:  6    Str: 18    XL:     3   Next: 85%
Magic:  3/3        EV:  9    Int:  7    God:
Gold:   104        SH:  0    Dex: 13    Spells: 2/2 levels left

rFire   . . .        a - +0 flail {Aula}
rCold   . . .        f - +0 spear {Kannika}
rNeg    . . .        b - +0 scale mail
rPois   .            (no helmet)
rElec   .            (no cloak)
rCorr   .            (no gloves)
SInv    .            (no boots)
Will    .....        (amulet unavailable) Stlth
                     (ring unavailable)
HPRegen 0.24/turn    (ring unavailable)
MPRegen 0.08/turn    (no gizmo)

%: no passive effects
@: revved
A: off-hand wielding, slow wielding, warmup strikes, no jewellery
a: Invent Gizmo


You were on level 2 of the Dungeon.
You visited 1 branch of the dungeon, and saw 2 of its levels.

You collected 104 gold pieces.

Inventory:

Hand Weapons
 a - a +0 flail (weapon) {Aula}
 e - a +0 sling
 f - a +0 spear (offhand) {Kannika}
Armour
 b - a +0 scale mail (worn)
 c - a +0 buckler
Scrolls
 j - 3 scrolls of identify {unknown}
 k - a scroll of enchant armour {unknown}
 l - a scroll of fear {unknown}
 n - a scroll of teleportation {unknown}
Potions
 d - a potion of might
 g - 2 potions of enlightenment {unknown}
 h - a potion of brilliance {unknown}
 i - a potion of resistance {unknown}
 m - a potion of degeneration {unknown}


   Skills:
 + Level 3.4 Fighting
 + Level 2.3 Maces & Flails
 + Level 3.1 Armour
 + Level 1.1 Dodging
 - Level 2.2 Shields


You had 2 spell levels left.
You didn't know any spells.
Your spell library was empty.

Dungeon Overview and Level Annotations

Branches:
Dungeon (2/15)

Altars:


Innate Abilities, Weirdness & Mutations

You can wield a second weapon in your off-hand.
It takes a long time for you to wield or remove held weapons.
Your first few attacks do less damage.
You cannot equip rings or amulets.


Message History

You hit the gnoll but do no damage. The gnoll hits you with a +0 whip!
You hit the gnoll with your +0 flail.
The gnoll is almost dead.
You hit the gnoll with your +0 spear.
You kill the gnoll!
Your Dodging skill increases to level 1!
You hit the gnoll with your +0 flail.
The gnoll is severely wounded.
You barely miss the gnoll with your +0 spear.
The gnoll hits you but does no damage.
You barely miss the gnoll with your +0 spear.
The gnoll is severely wounded.
You closely miss the gnoll with your +0 flail.
The gnoll barely misses you. The gnoll hits you with a +0 flail.
* * * LOW HITPOINT WARNING * * *
The gnoll hits you but does no damage.
You closely miss the gnoll with your +0 flail.
The gnoll is severely wounded.
You hit the gnoll with your +0 spear.
You kill the gnoll!
The gnoll hits you from afar with a +0 spear.
* * * LOW HITPOINT WARNING * * *
The gnoll closely misses you.
Things that are here:
a +0 flail; a +0 whip You barely miss the gnoll with your +0 spear.
You hit the gnoll with your +0 flail. The gnoll hits you with a +0 spear.
* * * LOW HITPOINT WARNING * * *
You barely miss the gnoll with your +0 flail.
The gnoll is lightly wounded.
You hit the gnoll with your +0 spear. The gnoll barely misses you.
Unknown command.
You barely miss the gnoll with your +0 spear.
The gnoll is moderately wounded.
You hit the gnoll with your +0 flail. The gnoll hits you with a +0 spear.
* * * LOW HITPOINT WARNING * * *
You closely miss the gnoll with your +0 spear.
The gnoll is moderately wounded.
You hit the gnoll with your +0 flail. The gnoll hits you with a +0 spear.
You die...

####..#.....<.#####.#...######
#.†..##......g...............#
..##.##....g..##.###########..#
..##.##.....>.# .#
......###.#.###.#
..#.......#.....# .## #
###g##......## ...
#.###......#########
#.###....#.g@......#
#g#...#..#########.######
###g..###..# #......### #...###
...# ######...### ###.#.## #...
###.... ....#..#### .#.. #####
##........# ... ########
#........# #....... #$g......#
#.......


You could see a gnoll.

Vanquished Creatures
  3 gnolls
  A dart slug (D:2)
  3 ball pythons
  2 endoplasms
  A giant cockroach (D:2)
  3 hobgoblins
  2 quokkas
  2 bats
  A frilled lizard (D:2)
  3 rats
21 creatures vanquished.

Notes
Turn   | Place    | Note
-------+----------+-------------------------------------------
     0 | D:1      | dialectric the Coglin Fighter began the quest for the Orb.
     0 | D:1      | Reached XP level 1. HP: 18/18 MP: 1/1
   343 | D:1      | Reached XP level 2. HP: 21/24 MP: 2/2
   823 | D:1      | Reached XP level 3. HP: 7/29 MP: 3/3
  1085 | D:2      | Reached skill level 1 in Dodging
  1091 | D:2      | HP: 1/29 [gnoll/+0 spear (6)]
  1092 | D:2      | Slain by a gnoll

Illustrated notes

Levels and vault maps discovered:
D:1:      wander_arrival_estate, layout_basic
D:2:      layout_rooms, nicolae_grassy_gnolls

Skill      XL: |  1  2  3 |
---------------+----------+-----
Maces & Flails | 2 |  2.3
Armour         | 3 |  3.1
Dodging        | 1 |  1.1
Fighting       | |  3.4
Shields        | |  2.2

Action                     || total
---------------------------++-------
  Melee: Flail             ||    59
         Spear             ||    52
 Armour: Scale mail        ||    85
  Dodge: Dodged            ||    22
  Block: Buckler           ||     2

Table legend: (Time is in decaauts)
 A = Elapsed time spent in this place.
 B = Non-inter-level travel time spent in this place.
 C = Inter-level travel time spent in this place.
 D = Time resting spent in this place.
 E = Time spent auto-exploring this place.
 F = Levels seen in this place.
 G = Mean time per level.
                   A        B        C        D        E       F      G
               +--------+--------+--------+--------+--------+-----+--------+
         Total |   1108 |   1093 |     15 |     88 |    783 |   2 |  554.0 |
       Dungeon |   1108 |   1093 |     15 |     88 |    783 |   2 |  554.0 |
               +--------+--------+--------+--------+--------+-----+--------+

Top non-repeatable levels by time:
     D:1: 776 daAuts
     D:2: 332 daAuts
